 Dungeon Sprint DCSS version 0.28.0-53-g5a82cb258f (webtiles) character file.

Game seed: 2543290188664711566

352 Zeld the Thaumaturge (level 6, -4/32 HPs)
             Began as a Deep Elf Conjurer on June 9, 2022.
             Slain by a hornet (15 damage)
             ... in the Dungeon (Sprint IX: "|||||||||||||||||||||||||||||").
             The game lasted 00:01:17 (1000 turns).

Zeld the Thaumaturge (Deep Elf Conjurer)            Turns: 1000, Time: 00:01:18

Health: -4/32      AC:  4    Str:  4    XL:     6   Next: 34%
Magic:  5/23       EV: 12    Int: 25    God:
Gold:   0          SH:  0    Dex: 13    Spells: 27/30 levels left

rFire   . . .      SeeInvis .   (no weapon)
rCold   . . .      Faith    .   (no shield)
rNeg    . . .      Spirit   .   a - +0 robe
rPois   .          Reflect  .   (no helmet)
rElec   .          Harm     .   k - +0 cloak
rCorr   .          Rampage  .   q - +0 pair of gloves
Will    .....      NoTele   +   (no boots)
Stlth   ++........              (no amulet)
HPRegen 0.10/turn               (no ring)
MPRegen 0.18/turn               (no ring)

@: slowed, very slow
A: no striking features
a: no special abilities


You were in the Dungeon.
You visited 1 branch

Inventory:

Armour
 a - a +0 robe (worn)
 k - a +0 cloak (worn)
 q - a +0 pair of gloves (worn)
Wands
 j - a wand of iceblast (10)
Scrolls
 h - 2 scrolls of amnesia
 i - a scroll of blinking
Potions
 b - 5 potions of curing
 c - 3 potions of heal wounds
 d - a potion of haste
 e - 3 potions of magic
 f - a potion of berserk rage
 g - a potion of invisibility


   Skills:
 - Level 2.4 Dodging
 - Level 2.4 Stealth
 * Level 12.7 Spellcasting
 * Level 11.4 Conjurations


You had 27 spell levels left.
You knew the following spells:

 Your Spells              Type           Power      Damage    Failure   Level
a - Magic Dart            Conj           100%       1d8       1%          1
b - Searing Ray           Conj           100%       2d8       1%          2

Your spell library contained the following spells:

 Spells                   Type           Power      Damage    Failure   Level
 Dazzling Flash           Conj/Hex       88%        N/A       1%          3
 Fulminant Prism          Conj/Hex       22%        3d13      3%          4
 Iskenderun's Mystic Bla  Conj/Tloc      44%        2d10      3%          4


Dungeon Overview and Level Annotations

Branches:
Dungeon (1/1)

Altars:
Cheibriados
Dithmenos
Elyvilon
Fedhas
Gozag
Hepliaklqana
Kikubaaqudgha
Makhleb
Nemelex Xobeh
Okawaru
Qazlal
Ru
Sif Muna
Trog
Uskayaw
Vehumet
Wu Jian
Xom
Yredelemnul
Zin
The Shining One
Beogh
Jiyva
Lugonu


Message History

Press < or > to pray at altars.
The searing ray hits the orc warrior!
You kill the orc warrior!
The searing ray hits the acid dragon!
The acid dragon is almost dead.
The searing ray hits the hornet!
The hornet is heavily wounded.
The acid dragon barely misses you.
The acid dragon claws you but does no damage.
Your Spellcasting skill gained 2 levels and is now at level 11!
Your Conjurations skill increases to level 10!
Unknown command.
Press < or > to pray at altars.
The searing ray hits the acid dragon.
You kill the acid dragon!
The searing ray hits the hornet.
The hornet is heavily wounded.
You finish channelling your searing ray.
Your Spellcasting skill increases to level 12!
Your Conjurations skill increases to level 11!
You have reached level 6!
Unknown command.
Press < or > to pray at altars.
Casting: Searing Ray (safe; 1% risk of failure)
Confirm with . or Enter, or press ? or * to list all spells.
Aiming: Searing Ray (safe; 1% risk of failure)
Press: ? - help, Shift-Dir - straight line The searing ray hits the hornet.
The hornet is severely wounded. (Press . to maintain the ray.)
The hornet stings you.
You feel yourself slow down.
Unknown command.
Press < or > to pray at altars.
Unknown command.
Press < or > to pray at altars.
The searing ray hits the hornet but does no damage.
The hornet is severely wounded.
You feel yourself speed up. The hornet stings you.
You feel yourself slow down. The hornet stings you!
You die...

▓_▓
▓_▓
▓_▓
▓_▓
▓_▓
▓_▓
▓_▓
▓_▓
▓@▓
▓y▓
▓_▓
▓_▓
▓_▓
▓_▓
▓_▓
▓_▓
▓_▓


You could see a hornet.

Vanquished Creatures
  An acid dragon (D)
  An orc warrior (D)
  A centaur (D)
  A jelly (D)
  An orc wizard (D)
  A dart slug (D)
  3 orcs (D)
  A ball python (D)
  A bat zombie (D)
  An endoplasm (D)
  A hobgoblin (D)
  A jackal zombie (D)
  A rat (D)
15 creatures vanquished.

Notes
Turn   | Place    | Note
-------+----------+-------------------------------------------
     0 | D        | Zeld the Deep Elf Conjurer began the quest for the Orb.
     0 | D        | Reached XP level 1. HP: 10/10 MP: 6/6
     9 | D        | Reached skill level 4 in Spellcasting
     9 | D        | Reached skill level 5 in Conjurations
   518 | D        | Noticed a jelly
   524 | D        | Reached XP level 2. HP: 7/15 MP: 3/9
   534 | D        | Reached skill level 6 in Spellcasting
   534 | D        | Reached XP level 3. HP: 9/19 MP: 8/13
   541 | D        | Reached skill level 7 in Spellcasting
   544 | D        | Learned a level 2 spell: Searing Ray
   661 | D        | Found a snail-covered altar of Cheibriados.
   661 | D        | Found a shadowy altar of Dithmenos.
   661 | D        | Found a white marble altar of Elyvilon.
   661 | D        | Found a blossoming altar of Fedhas.
   661 | D        | Found an opulent altar of Gozag.
   662 | D        | Found a hazy altar of Hepliaklqana.
   663 | D        | Found a viscous altar of Jiyva.
   664 | D        | Found an ancient bone altar of Kikubaaqudgha.
   665 | D        | Found a corrupted altar of Lugonu.
   666 | D        | Found a burning altar of Makhleb.
   667 | D        | Found a sparkling altar of Nemelex Xobeh.
   668 | D        | Found an iron altar of Okawaru.
   669 | D        | Found a stormy altar of Qazlal.
   670 | D        | Found a sacrificial altar of Ru.
   671 | D        | Found a shimmering blue altar of Sif Muna.
   672 | D        | Found a bloodstained altar of Trog.
   673 | D        | Found a hide-covered altar of Uskayaw.
   674 | D        | Found a radiant altar of Vehumet.
   675 | D        | Found an ornate altar of the Wu Jian Council.
   676 | D        | Found a shimmering altar of Xom.
   677 | D        | Found a basalt altar of Yredelemnul.
   678 | D        | Found a glowing silver altar of Zin.
   679 | D        | Found a glowing golden altar of the Shining One.
   965 | D        | Noticed a centaur
   965 | D        | Noticed an orc warrior
   965 | D        | Noticed an acid dragon
   965 | D        | Noticed a hornet
   970 | D        | Killed a centaur
   971 | D        | Reached skill level 9 in Spellcasting
   971 | D        | Reached XP level 4. HP: 9/24 MP: 8/17
   971 | D        | Reached XP level 5. HP: 11/28 MP: 8/19
   997 | D        | Killed an orc warrior
   998 | D        | Reached skill level 11 in Spellcasting
   998 | D        | Reached skill level 10 in Conjurations
   998 | D        | Killed an acid dragon
   999 | D        | Reached skill level 12 in Spellcasting
   999 | D        | Reached XP level 6. HP: 16/32 MP: 8/23
  1000 | D        | Slain by a hornet

Illustrated notes

Levels and vault maps discovered:
D:        linesprint [early_d, line_temple, items_1, d_10, items_2, lair_1,
          lair_end, items_3, orc_1, orc_end, items_4, d_15, swamp_1, shoals_1,
          snake_1, spider_1, d_20, vaults_1, items_5, swamp_end, shoals_end,
          snake_end, spider_end, vaults_end, d_27, items_6, zot_1, zot_end,
          crypt_end, forest_end, elf_end, slime_end, tomb_end, abyss_end,
          pan_hell_end]

Skill      XL: |  1  2  3  4  5 |
---------------+----------------+-----
Spellcasting   | 4 6 9 12 | 12.7
Conjurations   | 5 6 9 11 | 11.4
Dodging        | |  2.4
Stealth        | |  2.4

Action                   |  1- 3 |  4- 6 || total
-------------------------+-------+-------++-------
 Cast: Magic Dart        |    27 |       ||    27
       Searing Ray       |     1 |     2 ||     3
  Use: Scroll            |     1 |       ||     1
       Potion            |     1 |       ||     1
Armor: Robe              |     5 |     1 ||     6
Dodge: Dodged            |     6 |     3 ||     9
